 Dungeon Crawl Stone Soup version 0.21.0-3-g78d12a8 (webtiles) character file.

6093 MTVSty1e the Stickfighter (level 10, 0/56 HPs)
             Began as a Gargoyle Gladiator on Jan 17, 2018.
             Hit by a large rock thrown by a cyclops (16 damage)
             ... on level 11 of the Dungeon.
             The game lasted 00:12:32 (9239 turns).

MTVSty1e the Stickfighter (Gargoyle Gladiator)      Turns: 9239, Time: 00:12:33

Health: 0/56       AC: 21    Str: 21    XL:     10   Next: 88%
Magic:  0/10       EV: 11    Int: 11    God:
Gold:   587        SH:  0    Dex: 11    Spells: 9/9 levels left

rFire    . . .     SeeInvis .   a - +1 quarterstaff
rCold    . . .     Gourm    .   (shield currently unavailable)
rNeg     + . .     Faith    .   k - +0 scale mail
rPois    ∞         Spirit   +   c - +0 helmet
rElec    +         Reflect  .   v - scarf {Spirit}
rCorr    .         Harm     .   h - +2 pair of gloves
MR       .....                  g - +0 pair of boots
Stlth    ..........             (no amulet)
HPRegen  0.18/turn              e - +3 ring of slaying
MPRegen  0.12/turn              w - +3 ring of protection

@: no status effects
A: claws 1, clever 1, negative energy resistance 1, electricity resistance,
unbreathing, petrification resistance, rot immunity, AC +7
a: no special abilities


You were on level 11 of the Dungeon.
You were not hungry.

You visited 2 branches of the dungeon, and saw 11 of its levels.
You also visited: Sewer.

You collected 587 gold pieces.

Inventory:

Hand Weapons
 a - a +1 quarterstaff (weapon)
Missiles
 d - 3 throwing nets (quivered)
Armour
 c - a +0 helmet (worn)
 g - a +0 pair of boots (worn)
 h - a +2 pair of gloves (worn)
 k - a +0 scale mail (worn)
 v - a scarf of spirit shield (worn)
Jewellery
 e - a +3 ring of slaying (left hand)
 w - a +3 ring of protection (right hand)
Wands
 i - a wand of polymorph (7)
 l - a wand of digging (12)
 n - a wand of scattershot (4)
 y - a wand of random effects (15)
 z - a wand of flame (43)
Scrolls
 o - 3 scrolls of teleportation
 r - 3 scrolls of blinking
 t - a scroll of identify
 C - a scroll of enchant weapon
 E - 2 scrolls of fear
Potions
 j - 6 potions of curing
 m - 2 potions of berserk rage
 p - 2 potions of might
 q - a potion of magic {unknown}
 s - 2 potions of haste
 x - 2 potions of agility
 B - 2 potions of mutation
Books
 A - a book of Misfortune

   Spells                             Type                      Level
   a - Confusing Touch                Hexes                        1
   b - Confuse                        Hexes                        3
   c - Gell's Gravitas                Translocation                3
   d - Petrify                        Transmutation/Earth          4
   e - Metabolic Englaciation         Hexes/Ice                    5
   f - Yara's Violent Unravelling     Hexes/Transmutation          5
Comestibles
 f - 16 rations


   Skills:
 * Level 3.4 Fighting
 + Level 15.0 Staves
 - Level 1.7 Throwing
 + Level 1.5 Armour
 + Level 2.8 Dodging


You had 9 spell levels left.
You didn't know any spells.

Dungeon Overview and Level Annotations

Branches:
Dungeon (9/15)             Temple (1/1) D:5             Orc (0/2) D:9
   Lair: D:8-11

Altars:
Ashenzari
Cheibriados
Dithmenos
Elyvilon
Fedhas
Gozag
Hepliaklqana
Kikubaaqudgha
Makhleb
Nemelex Xobeh
Okawaru
Qazlal
Ru
Sif Muna
Trog
Uskayaw
Vehumet
Wu Jian
Xom
Yredelemnul
Zin
The Shining One

Shops:
D:8 *}


Innate Abilities, Weirdness & Mutations

You are resistant to torment.
Your stone body is resilient. (AC +7)
You are immune to poison.
You resist negative energy. (rN+)
You are resistant to electric shocks. (rElec)
You can survive without breathing.
You are immune to petrification.
You are immune to rotting.
You have sharp fingernails.
Your mind is acute. (Int +2)


Message History

The bullfrog is heavily wounded.
The bullfrog hits you but does no damage.
You closely miss the bullfrog.
The bullfrog is heavily wounded.
The bullfrog hits you but does no damage.
You sock the bullfrog!
The bullfrog is severely wounded.
The bullfrog hits you but does no damage.
You sock the bullfrog!
You kill the bullfrog!
A cyclops comes into view.
The cyclops shouts!
You hear a shout!
The cyclops throws a large rock.
The large rock barely misses you.
Found 6 gold pieces and a robe.
A cyclops comes into view.
You see here a large rock.
There are monsters nearby!
There are monsters nearby!
The cyclops throws a large rock.
The large rock hits you!!
You die...

#..# ## #..# ..
#..# #. #..# #.
#..# #. #..######
#C####C##........
#......(@..#
######.##### #$
#[ #. #. #. #.


You could see 2 cyclopes.

Vanquished Creatures
  A centaur zombie (D:11)
  2 trolls
  Prince Ribbit (D:8)
  2 hippogriffs (D:7)
  A human (D:7)
  4 hogs (D:7)
  4 yaks (D:9)
  A black bear (D:9)
  5 ogres
  A sky beast (D:8)
  2 ice beasts (D:7)
  4 phantoms
  3 centaurs
  A crocodile (D:9)
  5 bullfrogs
  A scorpion (D:8)
  6 killer bees (D:8)
  2 howler monkeys
  5 crimson imps
  3 jellies
  A quasit (D:7)
  7 hounds
  6 orc wizards
  2 orc priests
  A centaur skeleton (D:11)
  4 iguanas
  7 worker ants
  A hound zombie (D:6)
  A hound skeleton (D:5)
  A worker ant zombie (D:7)
  Robin (D:2)
  11 adders
  8 gnolls
  2 shadow imps
  An ooze (D:1)
  2 adder zombies
  An adder skeleton (D:4)
  A worm (D:3)
  A dart slug (D:1)
  8 leopard geckos
  10 orcs
  5 ball pythons
  7 bats
  8 giant cockroaches
  14 goblins
  7 hobgoblins
  6 jackals (Sewer)
  9 kobolds
  2 quokkas
  6 frilled lizards
  A leopard gecko skeleton (D:4)
  2 rats
  A plant (Sewer)
199 creatures vanquished.

Notes
Turn   | Place    | Note
-------+----------+-------------------------------------------
     0 | D:1      | MTVSty1e the Gargoyle Gladiator began the quest for the Orb.
     0 | D:1      | Reached XP level 1. HP: 12/12 MP: 1/1
    59 | D:1      | Reached XP level 2. HP: 17/17 MP: 2/2
   223 | D:1      | Reached skill level 4 in Staves
   339 | D:1      | Reached XP level 3. HP: 21/21 MP: 3/3
   490 | D:2      | Noticed Robin
   498 | D:2      | Gained mutation: Your mind is acute. (Int +2) [potion of mutation]
   498 | D:2      | Gained mutation: You have sharp fingernails. [potion of mutation]
   783 | D:2      | Reached XP level 4. HP: 26/26 MP: 4/4
   814 | D:2      | Reached skill level 5 in Staves
   826 | D:2      | Killed Robin
  1074 | D:2      | Found a stormy altar of Qazlal.
  1249 | D:2      | Reached XP level 5. HP: 30/30 MP: 5/5
  1636 | D:3      | Reached skill level 6 in Staves
  1854 | D:3      | Found a deep blue altar of Sif Muna.
  2675 | D:4      | Reached XP level 6. HP: 29/35 MP: 6/6
  2708 | D:4      | Found a glowing drain.
  2728 | Sewer    | Entered a sewer
  3478 | D:4      | Reached skill level 7 in Staves
  4511 | D:4      | Reached XP level 7. HP: 37/40 MP: 7/7
  4745 | D:4      | Reached skill level 8 in Staves
  5131 | D:4      | Found a sacrificial altar of Ru.
  5155 | D:5      | Entered Level 5 of the Dungeon
  5553 | D:5      | Found a staircase to the Ecumenical Temple.
  5582 | Temple   | Entered the Ecumenical Temple
  5959 | D:5      | Reached skill level 9 in Staves
  6133 | D:6      | Reached XP level 8. HP: 34/44 MP: 8/8
  6363 | D:6      | Reached skill level 10 in Staves
  6466 | D:6      | Reached skill level 11 in Staves
  6809 | D:7      | Reached XP level 9. HP: 48/48 MP: 9/9
  7067 | D:7      | Reached skill level 12 in Staves
  7103 | D:7      | Found an iron altar of Okawaru.
  7189 | D:7      | Reached skill level 13 in Staves
  7427 | D:7      | Found a sparkling altar of Nemelex Xobeh.
  7671 | D:8      | Reached XP level 10. HP: 53/53 MP: 10/10
  7673 | D:8      | Noticed Prince Ribbit
  7686 | D:8      | Killed Prince Ribbit
  7958 | D:8      | Reached skill level 14 in Staves
  8063 | D:8      | Found Borygg's Bounteous Boutique.
  8115 | D:8      | Found Xukhylup's Gadget Shoppe.
  8597 | D:9      | Found a staircase to the Orcish Mines.
  8891 | D:9      | Reached skill level 15 in Staves
  8955 | D:9      | You fall through a shaft for 2 floors!
  8984 | D:11     | Reached skill level 1 in Armour
  9238 | D:11     | Noticed a cyclops
  9239 | D:11     | Noticed a cyclops
  9239 | D:11     | Hit by a large rock thrown by a cyclops

Skill      XL: |  1  2  3  4  5  6  7  8  9 10 |
---------------+-------------------------------+-----
Staves         | 4 5 6 7 9 11 13 15 | 15.0
Fighting       | 3 |  3.4
Armour         | 1 |  1.5
Throwing       | |  1.7
Dodging        | |  2.8

Action                   |  1- 3 |  4- 6 |  7- 9 | 10-12 || total
-------------------------+-------+-------+-------+-------++-------
Melee: Quarterstaff      |    80 |   219 |   264 |   265 ||   828
  Use: Scroll            |     3 |     8 |     6 |     5 ||    22
       Potion            |     1 |       |     1 |     1 ||     3
 Stab: Sleeping          |     1 |       |       |       ||     1
  Eat: Ration            |       |     4 |     2 |     1 ||     7
       Chunk             |       |       |     2 |     4 ||     6
Armor: Leather armour    |    37 |     7 |       |       ||    44
       Scale mail        |       |    94 |   158 |   208 ||   460
Dodge: Dodged            |    69 |   117 |   105 |    99 ||   390
